 Dungeon Crawl Stone Soup version 0.29.1-2-gbd0b4ee654 (webtiles) character file.

Game seed: 17380102884611409973

107 Icepheonix32 the Grave Robber (level 4, -2/24 HPs)
             Began as a Deep Elf Necromancer on Oct 31, 2022.
             Killed by divine providence
             ... invoked by an orc priest
              (3 damage)
             ... on level 3 of the Dungeon.
             The game lasted 00:03:41 (2163 turns).

Icepheonix32 the Grave Robber (DENe)                Turns: 2163, Time: 00:03:42

Health: -2/24      AC:  8    Str:  5    XL:     4   Next: 56%
Magic:  0/10       EV:  9    Int: 22    God:
Gold:   135        SH:  0    Dex: 15    Spells: 8/9 levels left

rFire   . . .      SeeInvis .   i - +0 short sword
rCold   + . .      Faith    .   (no shield)
rNeg    . . .      Spirit   +   l - +2 ring mail {rC+}
rPois   .          Reflect  .   m - +0 helmet
rElec   .          Harm     .   (no cloak)
rCorr   .          Rampage  .   (no gloves)
Will    .....                   (no boots)
Stlth   +.........              d - amulet of guardian spirit
HPRegen 0.08/turn               (no ring)
MPRegen 0.12/turn               (no ring)

@: very slightly contaminated
A: no striking features
a: no special abilities


You were on level 3 of the Dungeon.
You visited 1 branch of the dungeon, and saw 3 of its levels.

You collected 135 gold pieces.

Inventory:

Hand Weapons
 i - a +0 short sword (weapon)
Armour
 a - a +0 robe
 l - a +2 ring mail of cold resistance (worn)
 m - a +0 helmet (worn)
Jewellery
 d - an amulet of guardian spirit (around neck)
 q - a ring of flight
Scrolls
 c - a scroll of vulnerability {unknown}
 f - a scroll of immolation {unknown}
 g - a scroll of magic mapping {unknown}
 j - 2 scrolls of teleportation {unknown}
 k - 5 scrolls of identify {unknown}
 n - a scroll of blinking {unknown}
Potions
 b - a potion of magic
 e - a potion of mutation {unknown}
 h - a potion of ambrosia {unknown}
 o - a potion of lignification {unknown}
 p - 2 potions of haste {unknown}


   Skills:
 + Level 0.1 Armour
 - Level 2.4 Dodging
 - Level 2.4 Stealth
 - Level 3.0 Spellcasting
 + Level 7.2 Necromancy


You had 8 spell levels left.
You knew the following spells:

 Your Spells              Type           Power      Damage    Failure   Level
a - Necrotise             Necr           100%       1d9       3%          1

Your spell library contained the following spells:

 Spells                   Type           Power      Damage    Failure   Level
 Vampiric Draining        Necr           35%        2d8       9%          3
 Animate Dead             Necr           35%        N/A       30%         4
 Agony                    Necr           35%        N/A       63%         5


Dungeon Overview and Level Annotations

Branches:
Dungeon (3/15)

Altars:


Message History

You can't see any susceptible monsters within range! (Use Z to cast anyway.)
You can't see any susceptible monsters within range! (Use Z to cast anyway.)
The orc priest barely resists.
You are out of magic!
Your magical contamination has completely faded away.
Something hits your orc skeleton.
The orc priest calls down the wrath of Beogh upon you.
Beogh smites you!
Your orc wizard skeleton hits the orc priest but does no damage.
Your orc wizard skeleton hits the orc priest but does no damage.
Something hits your orc wizard skeleton.
Your orc wizard skeleton crumbles into dust!
Your orc skeleton barely misses the orc priest.
The orc priest hits your orc skeleton with a +0 club.
Your orc skeleton is destroyed!
Your orc skeleton barely misses the orc priest.
The orc priest writhes in agony.
The orc priest hits you with a +0 club.
Your orc skeleton hits the orc priest but does no damage.
The orc priest writhes in agony.
The orc priest barely misses you.
You are out of magic!
You barely miss the orc priest.
The orc priest is heavily wounded.
Your orc skeleton crumbles into dust!
The orc priest calls down the wrath of Beogh upon you.
Beogh smites you!
Ouch! That really hurt!
* * * LOW HITPOINT WARNING * * *
Magic courses through your body.
The orc priest hits you but does no damage.
Casting: Necrotise (safe; 3% risk of failure)
Confirm with . or Enter, or press ? or * to list all spells.
Aiming: Necrotise (safe; 3% risk of failure)
Press: ? - help, Shift-Dir - straight line, f/p - orc priest
Aim: an orc priest, wielding a +0 club and wearing a +0 leather armour (heavily wounded, chance to affect: 83%)
You miscast Necrotise.
You are very lightly contaminated with residual magic.
Nothing appears to happen.
The orc priest calls down the wrath of Beogh upon you.
Beogh smites you!
You die...

..# ..# #.# ###
## #.# ..# ..
#.###.####
#.######...<....#
#..).......#.##.#
#)o@........#.#
#)####......#.#
... #.###.##.####
....o #.#
#.......#
########.#.#
#..#.##.# ...#.#
#..#..#.# #.#.#
#..#.##.#
#...###..#.##.#
#.....#..#.##.#


You could see an orc priest.

Vanquished Creatures
  An orc wizard (D:3)
  An adder (D:3)
  3 dart slugs
  A worm (D:2)
  2 orcs (D:3)
  3 endoplasms (D:1)
  4 giant cockroaches
  2 goblins
  5 hobgoblins
  3 jackals (D:2)
  5 ball pythons
  8 bats
  4 frilled lizards
  6 kobolds
  7 rats
55 creatures vanquished.

Vanquished Creatures (collateral kills)
  An orc (D:3)
  A ball python (D:2)
  A goblin (D:1)
  A hobgoblin (D:1)
  A frilled lizard (D:2)
  A rat (D:2)
6 creatures vanquished.

Grand Total: 61 creatures vanquished

Notes
Turn   | Place    | Note
-------+----------+-------------------------------------------
     0 | D:1      | Icepheonix32 the Deep Elf Necromancer began the quest for
                  | the Orb.
     0 | D:1      | Reached XP level 1. HP: 10/10 MP: 6/6
   104 | D:1      | Reached skill level 5 in Necromancy
   282 | D:1      | Reached XP level 2. HP: 15/15 MP: 6/8
   717 | D:1      | Reached skill level 6 in Necromancy
   951 | D:1      | Reached XP level 3. HP: 19/19 MP: 7/9
  1898 | D:3      | Reached XP level 4. HP: 24/24 MP: 7/10
  2134 | D:3      | Reached skill level 7 in Necromancy
  2161 | D:3      | HP: 1/24 [orc priest/divine providence (12)]
  2163 | D:3      | Killed from afar by an orc priest

Illustrated notes

Levels and vault maps discovered:
D:1:      lemuel_arrival_broad_hall, layout_loops_ring
D:2:      layout_rooms, minivault_23, nrook_uturn
D:3:      layout_basic, mainiacjoe_overflow_alcove_4, minivault_25, minivault_5

Skill      XL: |  1  2  3  4 |
---------------+-------------+-----
Necromancy     | 5 6 7 |  7.2
Armour         | |  0.1
Dodging        | |  2.4
Stealth        | |  2.4
Spellcasting   | |  3.0

Action                   |  1- 3 |  4- 6 || total
-------------------------+-------+-------++-------
Melee: Short sword       |     8 |     1 ||     9
 Cast: Necrotise         |    74 |    14 ||    88
  Use: Potion            |       |     1 ||     1
Armor: Robe              |     4 |       ||     4
       Ring mail         |     1 |     6 ||     7
Dodge: Dodged            |    29 |     2 ||    31
